 Dungeon Crawl Stone Soup version 0.31-a0-239-g0a1456f148 (webtiles) character file.

Game seed: 15143929387939921097

1796 qw the Skirmisher (level 8, -3/73 HPs)
             Began as a Minotaur Hexslinger on July 11, 2023.
             Slain by a gnoll sergeant
             ... wielding a +0 spear
              (6 damage)
             ... on level 7 of the Dungeon.
             The game lasted 00:01:58 (6320 turns).

qw the Skirmisher (Minotaur Hexslinger)             Turns: 6320, Time: 00:01:59

Health: -3/73      AC:  6    Str:  9    XL:     8   Next: 83%
Magic:  17/17      EV: 13    Int: 10    God:
Gold:   170        SH:  0    Dex: 16    Spells: 8/9 levels left

rFire   . . .        Y - +0 arbalest
rCold   . . .        (shield currently unavailable)
rNeg    + + .        q - +1 leather armour of Fatum {rN++ MP+9 Str-3 SInv}
rPois   +            (helmet restricted)
rElec   .            (no cloak)
rCorr   .            (no gloves)
SInv    +            h - +1 pair of boots
Will    +....        b - amulet of the acrobat
Stlth   +            t - ring of willpower
HPRegen 0.32/turn    o - ring of poison resistance
MPRegen 0.15/turn

%: acrobat
@: about to teleport
A: horns 2, retaliatory headbutt
a: no special abilities


You were on level 7 of the Dungeon.
You visited 1 branch of the dungeon, and saw 7 of its levels.
You also visited: Sewer.

You collected 410 gold pieces.
You spent 240 gold pieces at shops.


Innate Abilities, Weirdness & Mutations

You have a pair of horns on your head.
You reflexively headbutt those who attack you in melee.


   Skills:
 - Level 7.1 Fighting
 + Level 10.2 Ranged Weapons
 - Level 1.3 Armour
 - Level 4.2 Dodging
 - Level 1.0 Spellcasting
 - Level 2.0 Hexes


You had 8 spell levels left.
You knew the following spells:

 Your Spells              Type           Power      Damage    Failure   Level
a - Slow                  Hex            16%        N/A       21%         1

Your spell library contained the following spells:

 Spells                   Type           Power      Damage    Failure   Level
 Inner Flame              Hex/Fire       2%         N/A       67%         3
 Portal Projectile        Hex/Tloc       4%         N/A       67%         3
 Cause Fear               Hex            2%         N/A       90%         4

Inventory:

Hand Weapons
 Y - a +0 arbalest (weapon)
Armour
 h - a +1 pair of boots (worn)
 i - a +2 robe
 q - the +1 leather armour of Fatum (worn) {rN++ MP+9 Str-3 SInv}
   (You found it on level 3 of the Dungeon)

   Str:       It affects your strength (-3).
   rN:        It greatly protects you from negative energy.
   MP:        It affects your magic capacity (+9).
   SInv:      It lets you see invisible.
 s - a +0 pair of gloves
Jewellery
 b - an amulet of the acrobat (around neck)
 d - a +6 ring of strength
 o - a ring of poison resistance (right hand)
 t - a ring of willpower (left hand)
Wands
 a - a wand of digging (3)
Scrolls
 l - a scroll of identify
 n - 2 scrolls of teleportation
Potions
 c - a potion of cancellation
 e - 3 potions of curing
 f - 6 potions of enlightenment
 g - 2 potions of mutation
 j - 2 potions of brilliance {unknown}
 k - a potion of heal wounds {unknown}
 m - 2 potions of haste
 p - a potion of might {unknown}
 r - a potion of invisibility {unknown}

Dungeon Overview and Level Annotations

Branches:
Dungeon (7/15)              Sewer (visited)
 Temple: D:4-7

Altars:
Hepliaklqana
Uskayaw
Yredelemnul
Zin

Shops:
D:1 [   D:4 =

Portals:
Abyss: D:4

Annotations:
D:4 2 transporters, qw's ghost, amateur MiHs


Message History

The gnoll sergeant barely misses you.
The gnoll hits you from afar with a +0 spear.
You shoot a bolt. The bolt hits the gnoll!
You kill the gnoll!
The gnoll sergeant hits you but does no damage.
The gnoll closely misses you.
You shoot a bolt. The bolt hits the gnoll sergeant.
The gnoll sergeant is lightly wounded.
The gnoll sergeant hits you from afar with a +0 spear.
The gnoll closely misses you.
The gnoll sergeant hits you from afar with a +0 spear.
The gnoll closely misses you.
You shoot a bolt.
The bolt hits the gnoll sergeant but does no damage.
The gnoll sergeant is lightly wounded.
The gnoll sergeant hits you from afar with a +0 spear.
The gnoll closely misses you.
You shoot a bolt.
The bolt closely misses the gnoll sergeant.
The gnoll sergeant hits you from afar with a +0 spear!
The gnoll hits you but does no damage.
The gnoll sergeant hits you from afar with a +0 spear!
The gnoll misses you.
You shoot a bolt.
The bolt barely misses the gnoll sergeant.
The gnoll barely misses you.
The gnoll sergeant hits you from afar with a +0 spear.
6318 ||| READING 3 scrolls of teleportation.
As you read the scroll of teleportation, it crumbles to dust.
You feel strangely unstable. The gnoll sergeant closely misses you.
The gnoll hits you from afar with a +0 spear!
You shoot a bolt. The bolt hits the gnoll sergeant.
The gnoll sergeant is moderately wounded.
The gnoll sergeant hits you from afar with a +0 spear.
The gnoll hits you from afar with a +0 spear.
You shoot a bolt. The bolt hits the gnoll sergeant.
The gnoll sergeant is moderately wounded.
The gnoll sergeant hits you from afar with a +0 spear.
You die...

##...##......##
##...##....####
###..####.<.##
.. ##...##
#..##
...###...##
#..# <.......##
##.# ......<.#
#.# .......##
#.# ########
#@# #))# #)gg
#...# #..$#
..... .....
#......


You could see a gnoll sergeant and a gnoll.

Vanquished Creatures
  Sigmund (D:2)
  A water moccasin (D:6)
  A black bear (D:6)
  An ogre (D:4)
  2 centaurs
  2 phantoms
  5 hounds (D:5)
  2 orc priests
  3 jellies
  A gnoll bouda (D:6)
  2 iguanas
  Terence (D:3)
  Jessica (D:2)
  Ijyb (D:3)
  3 orc wizards
  17 gnolls
  16 adders
  6 river rats
  2 shadow imps
  2 white imps
  2 ufetubi
  2 dart slugs
  2 worms (D:4)
  11 orcs
  9 ball pythons
  5 endoplasms
  3 giant cockroaches
  3 goblins
  7 hobgoblins
  8 jackals
  4 quokkas
  9 bats
  5 frilled lizards
  4 kobolds
  3 rats (D:2)
147 creatures vanquished.

Notes
Turn   | Place    | Note
-------+----------+-------------------------------------------
     0 | D:1      | qw the Minotaur Hexslinger began the quest for the Orb.
     0 | D:1      | Reached XP level 1. HP: 16/16 MP: 1/1
     0 | D:1      | 0 ||| qw: Version: 0.3-a-52-g30416fa
     0 | D:1      | 0 ||| qw: Game counter: 5891
     0 | D:1      | 0 ||| qw: Melee chars always use a shield: true
     0 | D:1      | 0 ||| qw: God list: Okawaru
     0 | D:1      | 0 ||| qw: Allow faded altars: false
     0 | D:1      | 0 ||| qw: Do Orc after clearing Dungeon:15 true
     0 | D:1      | 0 ||| qw: Do second Lair branch before Depths: true
     0 | D:1      | 0 ||| qw: Lair rune preference: random
     0 | D:1      | 0 ||| qw: Goals: Normal
     0 | D:1      | 0 ||| PLANNING D:1-11
    78 | D:1      | Found Elebbehi's Armour Boutique.
    90 | D:1      | 90 ||| SHOPLISTING +0 leather armour (28 gold, have 24).
    90 | D:1      | 90 ||| SHOPLISTING +0 ring mail (56 gold, have 24).
    90 | D:1      | 90 ||| SHOPLISTING +2 pair of gloves of infusion (301 gold,
                  | have 24).
    90 | D:1      | 90 ||| SHOPLISTING +3 leather armour of willpower (336
                  | gold, have 24).
   326 | D:1      | Reached skill level 3 in Ranged Weapons
   333 | D:1      | Reached XP level 2. HP: 23/23 MP: 2/2
   770 | D:1      | Found a faded altar of an unknown god.
   790 | D:1      | 790 ||| UPGRADING to +0 pair of boots.
   795 | D:1      | 795 ||| READING scroll labelled OROEGGUSHRYTZ.
   796 | D:1      | 796 ||| READING 2 scrolls labelled LICWAXZAINK.
   797 | D:1      | 797 ||| READING scroll labelled TAUXUE TISIDUC.
   798 | D:1      | 798 ||| READING scroll labelled UNGEWA HEGEU.
   799 | D:1      | 799 ||| DROPPING scroll of poison.
   800 | D:1      | 800 ||| DROPPING scroll of blinking.
   901 | D:2      | Reached XP level 3. HP: 22/30 MP: 3/3
  1020 | D:2      | 1020 ||| READING scroll of enchant armour.
  1020 | D:2      | 1020 ||| ENCHANTING +0 pair of boots.
  1054 | D:2      | Noticed Sigmund
  1062 | D:2      | HP: 7/30 [something (8)]
  1063 | D:2      | Killed Sigmund
  1064 | D:2      | Reached skill level 6 in Ranged Weapons
  1064 | D:2      | Reached XP level 4. HP: 10/37 MP: 4/4
  1064 | D:2      | Reached XP level 5. HP: 11/42 MP: 5/5
  1278 | D:2      | 1278 ||| FLEEEEING.
  1279 | D:2      | 1279 ||| FLEEEEING.
  1280 | D:2      | 1280 ||| FLEEEEING.
  1281 | D:2      | 1281 ||| FLEEEEING.
  1282 | D:2      | 1282 ||| FLEEEEING.
  1283 | D:2      | 1283 ||| FLEEEEING.
  1284 | D:2      | 1284 ||| FLEEEEING.
  1285 | D:2      | 1285 ||| FLEEEEING.
  1288 | D:2      | 1288 ||| FLEEEEING.
  1294 | D:2      | Reached skill level 3 in Fighting
  1315 | D:2      | Reached XP level 6. HP: 51/51 MP: 6/6
  1597 | D:2      | Noticed Jessica
  1602 | D:2      | Killed Jessica
  1867 | D:2      | 1867 ||| UPGRADING to +0 leather armour.
  1877 | D:2      | 1877 ||| DROPPING +0 robe.
  1878 | D:2      | 1878 ||| UPGRADING to +2 robe.
  1888 | D:2      | 1888 ||| DROPPING +0 leather armour.
  1889 | D:2      | 1889 ||| UPGRADING to +6 ring of strength.
  1915 | D:3      | Noticed Ijyb
  1924 | D:3      | Killed Ijyb
  1937 | D:3      | Found a hide-covered altar of Uskayaw.
  2009 | D:3      | Reached skill level 7 in Ranged Weapons
  2112 | D:3      | 2112 ||| SWAPPING to +0 orcbow.
  2113 | D:3      | 2113 ||| DROPPING +1 heavy sling.
  2128 | D:3      | Found a basalt altar of Yredelemnul.
  2262 | D:3      | Noticed Terence
  2266 | D:3      | Killed Terence
  2267 | D:3      | Reached XP level 7. HP: 59/59 MP: 7/7
  2399 | D:3      | Identified the +1 leather armour of Fatum {rN++ MP+9 Str-3
                  | SInv}
  2602 | D:3      | 2602 ||| UPGRADING to +1 leather armour of Fatum {rN++ MP+9
                  | Str-3 SInv}.
  2672 | D:3      | 2672 ||| DROPPING ring of flight.
  2673 | D:3      | 2673 ||| READING 2 scrolls labelled ULEWIM JEBEXA.
  2674 | D:3      | 2674 ||| READING scroll labelled XIDUSO HUESAA.
  2678 | D:3      | 2678 ||| READING scroll labelled USIPACISCH ADDU.
  2679 | D:3      | 2679 ||| DROPPING scroll of fear.
  2691 | D:4      | 2691 ||| PLANNING SEWER
  2767 | D:4      | Found a transporter.
  2775 | D:4      | Reached skill level 1 in Armour
  2782 | D:4      | Noticed qw's ghost (amateur MiHs)
  2786 | D:4      | Found a transporter.
  2797 | D:4      | Found a glowing drain.
  2813 | Sewer    | Entered a sewer
  2830 | Sewer    | 2830 ||| Stepping ~*~*~tactically~*~*~ (water).
  2841 | Sewer    | 2841 ||| Stepping ~*~*~tactically~*~*~ (water).
  2905 | Sewer    | 2905 ||| Stepping ~*~*~tactically~*~*~ (water).
  2938 | Sewer    | 2938 ||| Stepping ~*~*~tactically~*~*~ (water).
  2940 | Sewer    | 2940 ||| READING 2 scrolls labelled XAKOENG ERUTY.
  2941 | Sewer    | 2941 ||| READING scroll labelled OLATHR IRPHIUM.
  2942 | Sewer    | 2942 ||| Stepping ~*~*~tactically~*~*~ (water).
  3024 | Sewer    | 3024 ||| FLEEEEING.
  3030 | Sewer    | 3030 ||| FLEEEEING.
  3103 | Sewer    | Reached skill level 8 in Ranged Weapons
  3405 | Sewer    | 3405 ||| DRINKING 2 smoky dark potions.
  3406 | Sewer    | 3406 ||| DRINKING 2 silvery potions.
  3429 | D:4      | 3429 ||| PLANNING D:1-11
  3433 | D:4      | 3433 ||| Stepping ~*~*~tactically~*~*~ (water).
  3612 | D:4      | Reached skill level 3 in Dodging
  3704 | D:4      | Found Amaz Ham's Jewellery Boutique.
  3712 | D:4      | 3712 ||| SHOPLISTING ring of ice (300 gold, have 280).
  3712 | D:4      | 3712 ||| BUYING ring of poison resistance (240 gold).
  3712 | D:4      | Bought a ring of poison resistance for 240 gold pieces
  3712 | D:4      | 3712 ||| SHOPLISTING ring of positive energy (240 gold,
                  | have 40).
  3712 | D:4      | 3712 ||| SHOPLISTING ring of protection from fire (300
                  | gold, have 40).
  3712 | D:4      | 3712 ||| SHOPLISTING ring of see invisible (180 gold, have
                  | 40).
  3949 | D:4      | Found a one-way gate to the infinite horrors of the Abyss.
  4131 | D:4      | 4131 ||| DROPPING amulet of magic regeneration.
  4132 | D:4      | 4132 ||| UPGRADING to ring of poison resistance.
  4133 | D:4      | 4133 ||| READING 2 scrolls of identify.
  4133 | D:4      | 4133 ||| IDENTIFYING metallic clear potion
  4134 | D:4      | 4134 ||| DROPPING potion of ambrosia.
  4139 | D:5      | Entered Level 5 of the Dungeon
  4143 | D:5      | 4143 ||| STAIRDANCE
  4298 | D:5      | 4298 ||| STAIRDANCE
  4396 | D:5      | Reached XP level 8. HP: 57/68 MP: 8/8
  4774 | D:5      | Reached skill level 9 in Ranged Weapons
  4792 | D:5      | Reached skill level 6 in Fighting
  4866 | D:5      | 4866 ||| SWAPPING to +0 arbalest.
  4867 | D:5      | 4867 ||| DROPPING +0 orcbow.
  4898 | D:5      | Found a hazy altar of Hepliaklqana.
  5210 | D:5      | 5210 ||| UPGRADING to ring of willpower.
  5212 | D:5      | 5212 ||| READING scroll labelled TIESHRE VOSKUGH.
  5213 | D:5      | 5213 ||| READING 2 scrolls of identify.
  5213 | D:5      | 5213 ||| IDENTIFYING dark potion
  5214 | D:5      | 5214 ||| DROPPING potion of lignification.
  5525 | D:6      | Reached skill level 10 in Ranged Weapons
  5710 | D:6      | Found a glowing silver altar of Zin.
  6126 | D:6      | 6126 ||| UPGRADING to amulet of the acrobat.
  6131 | D:6      | 6131 ||| DROPPING amulet of guardian spirit.
  6132 | D:6      | 6132 ||| READING scroll labelled OSUDUL NONLU.
  6317 | D:7      | HP: 16/73 [gnoll sergeant/+0 spear (5)]
  6318 | D:7      | 6318 ||| READING 3 scrolls of teleportation.
  6319 | D:7      | HP: 4/73 [gnoll sergeant/+0 spear (6)]
  6320 | D:7      | Slain by a gnoll sergeant

Levels and vault maps discovered:
D:1:      psy_arrival_spokes, layout_basic,
          shapermc_ecumenical_altar_mp_vishouse, serial_shops, shop
D:2:      layout_basic, item_on_display_a, uniq_jessica, uniq_sigmund
D:3:      layout_rooms, nicolae_overflow_crystal_walls, lemuel_round_altar,
          chequers_big_river, minivault_4,
          wander_ebering_terrifying_dragon_lair, uniq_ijyb, uniq_terence
D:4:      layout_loops_corners, cheibrodos_sewer_entry_sluice, serial_shops,
          shop, gammafunk_ghost_abyssal_escape, minivault_11, item_on_display_a
D:5:      layout_loops_ring, nicolae_hepliaklqana_hazy_memory, dk_vineyard_1,
          chequers_serial_rivers_marsh, grunt_ministairs_7, minmay_starry_boxes
D:6:      layout_loops_corners, mainiacjoe_overflow_brackets
D:7:      layout_layer_cave, mainiacjoe_overflow_surrounded_room,
          temple_fountains, uniq_menkaure

Skill      XL: |  1  2  3  4  5  6  7  8 |
---------------+-------------------------+-----
Ranged Weapons | 3 6 7 8 10 | 10.2
Fighting       | 2 3 4 5 7 |  7.1
Armour         | 1 |  1.3
Dodging        | 3 4 |  4.2
Spellcasting   | |  1.0
Hexes          | |  2.0

Action                     |  1- 3 |  4- 6 |  7- 9 || total
---------------------------+-------+-------+-------++-------
   Fire: Sling             |    35 |    50 |       ||    85
         Orcbow            |       |    19 |   212 ||   231
         Arbalest          |       |       |    71 ||    71
    Use: Scroll            |     5 |       |    10 ||    15
         Potion            |       |       |     2 ||     2
 Armour: Robe              |     6 |    12 |       ||    18
         Leather armour    |       |       |    47 ||    47
  Dodge: Dodged            |    13 |    23 |   119 ||   155

Table legend:
 A = Non-vault XP
 B = Vault XP
 C = Vault XP percentage of total XP
 D = Non-vault monster count
 E = Vault monster count
 F = Vault count percentage of total count
                 A         B        C        D         E       F
            +---------+---------+-------+---------+---------+-------
      Total |    1730 |     837 |  32.6 |      95 |      52 |  35.4
            +---------+---------+-------+---------+---------+-------
        D:1 |      15 |       0 |   0.0 |       9 |       0 |   0.0
        D:2 |     181 |     276 |  60.4 |      27 |       2 |   6.9
        D:3 |     191 |      75 |  28.2 |       9 |       3 |  25.0
        D:4 |     336 |     114 |  25.3 |      17 |       8 |  32.0
        D:5 |     288 |     185 |  39.1 |      12 |       5 |  29.4
        D:6 |     440 |       0 |   0.0 |      15 |       0 |   0.0
        D:7 |     279 |       0 |   0.0 |       6 |       0 |   0.0
      Sewer |       0 |     187 | 100.0 |       0 |      34 | 100.0
            +---------+---------+-------+---------+---------+-------
